Map: Pride of Altaris LE

Players

CheeseKiller

  • Race: Zerg Zerg
  • League: Diamond

Bane - Winner!

  • Race: Protoss Protoss
  • League: Diamond

VOD

Have the link to the VOD?

Description

Time

  • Played on: Jan. 23, 2022, 7:21 p.m.
  • Length: 25:48
Show
View Real Time Build Order
Export as new Build Order

CheeseKiller Zerg 

Build Orders: Hatch First 

Get SALT Encoding   

  12  0:01  Drone  
  13  0:13  Overlord  
  13  0:17  Drone  
  14  0:31  Drone x2  
  16  0:55  Drone x2  
  18  1:02  Drone  
  19  1:05  Hatchery  
  18  1:11  Extractor  
  18  1:16  Spawning Pool  
  16  1:20  Drone  
  16  1:23  Drone  
  18  1:34  Drone  
  19  1:44  Drone  
  20  1:52  Drone  
  21  2:04  Overlord  
  21  2:16  Queen  
  21  2:18  Queen  
  21  2:20  Zergling x2  
  26  2:23  Drone x2  
  28  2:31  Metabolic Boost  
  28  2:33  Hatchery  
  28  2:37  Drone  
  28  2:39  Drone  
  29  2:52  Drone x3  
  32  3:04  Overlord  
  32  3:05  Queen  
  32  3:07  Drone x2  
  36  3:21  Overlord  
  36  3:24  Drone x2  
  38  3:37  Drone x4  
  42  3:41  Roach Warren  
  42  3:46  Overlord x2, Queen  
  43  3:54  Drone x3  
  45  4:09  Drone x4  
  49  4:16  Drone x4  
  53  4:20  Drone x4  
  57  4:36  Queen x2  
  57  4:37  Spore Crawler  
  60  4:39  Spore Crawler  
  60  4:40  Spore Crawler, Lair  
  60  4:42  Drone x2  
  60  4:46  Hatchery  
  59  4:55  Overlord  
  59  4:56  Drone x8  
  59  4:59  Overlord  
  67  5:11  Extractor  
  67  5:12  Extractor  
  65  5:17  Drone x3  
  65  5:18  Drone x7  
  75  5:26  Extractor  
  75  5:28  Drone x6  
  80  5:29  Queen  
  80  5:30  Extractor x2  
  80  5:34  Queen  
  82  5:43  Overlord x2  
  82  5:44  Overlord  
  82  5:49  Hydralisk Den  
  82  6:02  Drone  
  82  6:04  Drone x14  
  90  6:08  Spire  
  96  6:13  Drone x4  
  96  6:15  Evolution Chamber  
  96  6:17  Evolution Chamber  
  98  6:19  Zergling x4  
  98  6:20  Zergling x4  
  102  6:29  Drone x5  
  102  6:30  Extractor x2  
  105  6:33  Drone  
  105  6:34  Drone x3  
  109  6:47  Zerg Ground Armor Level 1, Zerg Melee Weapons Level 1  
  109  6:49  Hatchery  
  108  6:57  Hatchery  
  107  7:02  Hatchery  
  105  7:10  Zergling x12  
  105  7:11  Zergling x2  
  105  7:13  Overlord x7  
  112  7:29  Zerg Flyer Armor Level 1  
  112  7:33  Drone x3  
  112  7:34  Infestation Pit  
  112  7:36  Drone x4  
  112  7:37  Drone x2  
  120  7:39  Extractor x2  
  120  7:40  Drone x3  
  120  7:41  Drone  
  122  7:45  Extractor  
  122  7:46  Extractor, Drone x2  
  122  7:50  Drone  
  122  7:51  Drone  
  124  7:56  Mutalisk x6  
  136  7:58  Mutalisk  
  136  7:59  Mutalisk  
  136  8:02  Mutalisk x5  
  150  8:07  Mutalisk  
  150  8:10  Mutalisk  
  150  8:11  Mutalisk  
  156  8:20  Mutalisk  
  156  8:21  Mutalisk x5  
  156  8:24  Zergling x14  
  174  8:28  Baneling Nest, Drone  
  174  8:31  Mutalisk x3  
  180  8:38  Zergling x10  
  180  8:40  Overlord x2  
  185  8:44  Overlord x3  
  185  8:45  Overlord  
  185  8:52  Zerg Melee Weapons Level 2, Zerg Ground Armor Level 2  
  185  8:54  Hive  
  185  9:04  Corruptor  
  185  9:05  Corruptor x5  
  185  9:07  Zergling x2  
  185  9:08  Zergling x2  
  198  9:20  Drone x3  
  198  9:22  Drone  
  198  9:23  Drone  
  189  10:08  Zergling x16  
  189  10:09  Zergling x10  
  196  10:18  Ultralisk Cavern  
  178  10:29  Corruptor x7  
  178  10:30  Corruptor x2  
  178  10:32  Zergling x12  
  200  10:36  Centrifugal Hooks  
  194  10:48  Corruptor x4  
  195  10:54  Adrenal Glands  
  195  11:06  Chitinous Plating  
  178  11:35  Zerg Ground Armor Level 3, Zerg Melee Weapons Level 3  
  172  11:46  Ultralisk x4  
  184  11:54  Ultralisk  
  184  11:55  Ultralisk  
  192  12:04  Ultralisk  
  192  12:14  Ultralisk  
  194  12:24  Zergling x2  
  194  12:25  Zergling x8, Anabolic Synthesis  
  199  13:00  Overseer  
  199  13:02  Overseer x2  
  199  13:03  Overseer  
  199  13:04  Pneumatized Carapace  
  178  13:54  Ultralisk  
  178  13:55  Ultralisk x3  
  132  14:10  Ultralisk x3  
  132  14:11  Ultralisk x4  
  132  14:12  Corruptor x12  
  132  14:13  Corruptor x7  
  195  14:43  Overlord x2  
  195  14:44  Overlord x6  
  193  14:53  Overlord x2  
  193  14:54  Overlord  
  193  14:57  Overlord  
  193  14:58  Overlord  
  193  15:03  Zergling x6  
  193  15:04  Zergling x8  
  200  15:10  Extractor x2  
  200  15:11  Drone x2  
  176  15:49  Zergling x32  
  171  15:51  Ultralisk x5  
  165  16:05  Ultralisk x4  
  165  16:06  Ultralisk  
  187  16:18  Corruptor x6  
  199  16:37  Overseer x2  
  199  16:38  Overseer x2  
  192  16:51  Zergling x14  
  187  17:28  Zergling x2  
  187  17:29  Zergling x30  
  182  17:32  Corruptor x9  
  186  17:44  Corruptor x5  
  186  17:49  Corruptor  
  186  17:50  Corruptor x2  
  184  18:00  Corruptor x5  
  168  18:12  Overseer  
  168  18:13  Overseer  
  168  18:26  Drone x10  
  178  18:29  Drone x7  
  185  18:54  Overseer  
  185  18:55  Overseer x3  
  185  18:57  Overlord x5  
  147  19:17  Ultralisk  
  147  19:18  Ultralisk x3  
  143  19:50  Hatchery  
  142  19:55  Zergling x20  
  142  19:56  Zergling x6  
  155  20:04  Hatchery  
  155  20:06  Spine Crawler  
  155  20:07  Spine Crawler x2  
  131  20:32  Drone x7  
  131  20:33  Drone x4  
  142  20:45  Drone x4  
  142  20:46  Drone  
  147  21:06  Drone x5  
  152  21:22  Drone x6  
  158  21:28  Overseer  
  154  21:47  Spine Crawler  
  154  21:48  Extractor, Spine Crawler  
  154  21:49  Spine Crawler  
  112  22:14  Ultralisk x4  
  128  22:44  Ultralisk x3  
  146  23:16  Hatchery  
  145  23:28  Hatchery  
  130  24:07  Zergling x30  
  109  24:19  Zergling x10  
  114  24:34  Zergling x4  
  114  24:35  Zergling x8  
Show
View Real Time Build Order
Export as new Build Order

Bane Protoss - Winner!

Build Orders:  

Get SALT Encoding   

  12  0:02  Probe  
  13  0:15  Pylon  
  13  0:18  Probe (Chrono Boost)  
  14  0:28  Probe (Chrono Boost)  
  15  0:33  Probe (Chrono Boost)  
  16  0:45  Probe  
  17  0:57  Probe  
  18  1:07  Nexus  
  18  1:18  Forge  
  18  1:23  Probe  
  19  1:35  Probe  
  20  1:40  Gateway  
  20  1:47  Probe  
  20  1:52  Pylon  
  21  1:55  Assimilator  
  21  2:04  Pylon  
  21  2:16  Photon Cannon  
  21  2:19  Probe x2  
  23  2:31  Probe  
  23  2:35  Zealot  
  26  2:41  Gateway  
  26  2:42  Probe  
  26  2:43  Probe  
  28  2:58  Probe (Chrono Boost)  
  30  3:01  Cybernetics Core  
  30  3:03  Probe (Chrono Boost)  
  30  3:07  Probe (Chrono Boost)  
  30  3:11  Probe (Chrono Boost), Assimilator  
  30  3:12  Probe (Chrono Boost)  
  33  3:27  Probe x2  
  35  3:39  Probe (Chrono Boost), Stargate  
  35  3:40  Probe (Chrono Boost)  
  37  3:46  Assimilator  
  37  3:47  Assimilator  
  38  3:50  Probe x2 (Chrono Boost)  
  38  3:53  Sentry  
  41  3:56  Probe (Chrono Boost)  
  41  3:58  Probe (Chrono Boost)  
  41  4:02  Pylon  
  43  4:05  Probe (Chrono Boost)  
  43  4:07  Warp Gate  
  43  4:08  Probe (Chrono Boost)  
  45  4:10  Probe (Chrono Boost)  
  46  4:18  Probe  
  46  4:22  Probe  
  46  4:23  Void Ray (Chrono Boost)  
  48  4:27  Adept  
  48  4:28  Nexus  
  48  4:31  Pylon  
  50  4:32  Pylon  
  54  4:39  Probe x2, Robotics Facility  
  56  4:50  Pylon  
  56  4:51  Probe x2  
  58  4:57  Stalker  
  58  4:58  Phoenix  
  62  5:03  Probe x2  
  64  5:09  Robotics Facility  
  64  5:13  Pylon  
  64  5:15  Probe  
  64  5:16  Pylon  
  64  5:20  Probe  
  66  5:27  Probe  
  67  5:32  Probe, Robotics Bay  
  68  5:40  Probe  
  69  5:44  Probe x2  
  71  5:50  Gateway  
  71  5:52  Probe, Gateway  
  71  5:54  Gateway  
  71  5:56  Probe x2  
  74  5:57  Pylon  
  74  6:00  Photon Cannon, Shield Battery  
  74  6:04  Probe  
  75  6:08  Probe  
  75  6:09  Probe  
  77  6:16  Probe  
  78  6:21  Probe  
  79  6:27  Probe  
  80  6:34  Phoenix  
  80  6:35  Nexus  
  80  6:38  Pylon  
  80  6:39  Stargate  
  82  6:40  Immortal  
  82  6:41  Pylon  
  82  6:43  Assimilator  
  82  6:44  Assimilator  
  86  6:48  Assimilator x2  
  86  6:52  Shield Battery  
  86  6:56  Probe x2, Photon Cannon  
  86  6:57  Probe  
  86  6:59  Photon Cannon  
  89  7:05  Photon Cannon  
  89  7:06  Photon Cannon  
  89  7:08  Probe  
  89  7:09  Probe x2, Photon Cannon  
  89  7:10  Shield Battery  
  89  7:15  Phoenix  
  94  7:22  Observer  
  95  7:23  Observer  
  95  7:24  Twilight Council  
  95  7:25  Protoss Ground Weapons Level 1  
  95  7:28  Probe x2  
  95  7:29  Probe  
  99  7:40  Probe, Gateway  
  99  7:41  Probe x2, Protoss Air Weapons Level 1  
  99  7:43  Gateway  
  102  7:46  Photon Cannon, Phoenix x2  
  102  7:48  Shield Battery  
  106  7:59  Probe x2  
  106  8:00  Probe x2  
  110  8:11  Probe x2  
  110  8:12  Probe x2  
  114  8:15  Phoenix x2 (Chrono Boost)  
  118  8:23  Probe  
  118  8:24  Probe x3  
  122  8:34  Templar Archives  
  122  8:35  Probe  
  122  8:37  Phoenix x2 (Chrono Boost)  
  122  8:39  Pylon  
  122  8:40  Probe  
  122  8:41  Probe x2, Pylon  
  130  8:43  Pylon  
  130  8:45  Pylon  
  130  8:49  Pylon, Stalker x4  
  130  8:50  Stalker x2  
  130  8:54  Phoenix  
  144  8:58  Phoenix  
  144  9:00  Charge  
  146  9:03  Templar Archives  
  146  9:19  Phoenix  
  148  9:33  High Templar  
  148  9:34  High Templar x5  
  148  9:35  Probe  
  148  9:36  Probe x3  
  148  9:38  Archon x3  
  164  9:41  Fleet Beacon  
  164  9:45  Stargate  
  164  9:48  Probe x4  
  164  9:49  Stargate  
  168  10:03  Protoss Air Armor Level 1  
  137  11:00  Anion Pulse-Crystals  
  137  11:01  Nexus  
  137  11:02  Phoenix x4  
  137  11:03  Pylon x2  
  145  11:04  Pylon, High Templar  
  145  11:05  High Templar x5  
  145  11:06  Assimilator  
  145  11:07  Assimilator  
  145  11:08  Pylon  
  157  11:12  Photon Cannon  
  157  11:16  Photon Cannon  
  157  11:17  Archon x2  
  157  11:18  Archon  
  157  11:19  Photon Cannon  
  157  11:21  Photon Cannon  
  149  11:40  Photon Cannon  
  149  11:41  Photon Cannon  
  149  11:44  Photon Cannon x2  
  149  11:45  Stalker x5  
  149  11:46  Stalker, Gateway  
  161  11:47  Gateway  
  155  12:14  Probe x4, Void Ray x4  
  159  12:17  Probe  
  159  12:21  Photon Cannon, Flux Vanes  
  159  12:22  Photon Cannon  
  160  12:24  Photon Cannon  
  160  12:26  Probe x4, Photon Cannon  
  160  12:27  Photon Cannon  
  160  12:29  Probe, Photon Cannon  
  165  12:34  Photon Cannon  
  165  12:36  Shield Battery  
  181  12:38  Probe x4, Protoss Ground Weapons Level 2  
  181  12:41  Shield Battery  
  185  12:45  Gateway  
  185  12:46  Gateway  
  185  12:52  Immortal x2  
  185  12:55  Protoss Air Weapons Level 2  
  193  12:59  Void Ray  
  193  13:01  Robotics Facility  
  193  13:02  Robotics Facility  
  196  13:33  Carrier  
  198  13:54  Stalker  
  188  14:19  Pylon  
  188  14:21  Pylon, Void Ray  
  188  14:22  Pylon  
  188  14:25  Mothership  
  188  14:30  Nexus  
  200  14:31  Pylon  
  200  14:33  Pylon  
  200  14:35  Pylon  
  192  14:58  Dark Shrine  
  192  15:03  Warp Prism  
  192  15:04  Observer x3  
  197  15:25  Warp Prism  
  197  15:26  Observer  
  200  15:37  Photon Cannon  
  200  15:39  Photon Cannon  
  200  15:41  Photon Cannon  
  196  15:43  Photon Cannon  
  196  15:45  Photon Cannon  
  196  15:46  Photon Cannon  
  196  15:49  Stalker x2, Photon Cannon  
  169  15:50  Stalker x3  
  169  15:51  Stalker x5  
  137  16:06  Void Ray x2  
  137  16:09  Void Ray  
  137  16:10  Void Ray  
  151  16:23  Photon Cannon x2  
  151  16:25  Photon Cannon  
  151  16:26  Photon Cannon  
  151  16:27  Photon Cannon  
  151  16:28  Photon Cannon  
  151  16:32  Photon Cannon  
  151  16:35  Dark Templar x4  
  151  16:36  Dark Templar x4  
  167  16:43  Void Ray  
  167  16:44  Void Ray  
  151  16:50  Gateway  
  151  16:52  Gateway  
  151  16:53  Pylon  
  157  16:55  Pylon, Gateway  
  157  16:56  Gateway  
  157  16:58  Gateway  
  157  17:03  Gateway  
  157  17:06  Immortal x3  
  157  17:07  Immortal  
  173  17:12  Dark Templar x5  
  173  17:13  Dark Templar x2  
  112  17:47  Dark Templar x4  
  112  17:48  Dark Templar  
  112  17:49  Dark Templar  
  119  18:00  Dark Templar x2  
  123  18:14  Probe x5  
  123  19:15  Dark Templar x2  
  123  19:16  Dark Templar x5  
  126  19:17  Dark Templar x3  
  119  19:25  Archon x2  
  119  19:26  Archon x4  
  119  19:43  Immortal  
  119  19:44  Immortal  
  127  19:50  Nexus  
  127  20:04  Assimilator  
  127  20:06  Nexus  
  127  20:08  Pylon  
  127  20:10  Pylon  
  127  20:36  Immortal  
  127  20:37  Immortal x2  
  137  20:46  Probe  
  137  20:47  Probe x3  
  141  20:58  Probe  
  141  20:59  Probe x2  
  144  21:05  Shadow Stride  
  136  22:21  Tempest x2  
  136  22:22  Tempest  
  151  22:24  Immortal x2  
  151  22:28  Tempest  
  152  22:43  Zealot x6  
  152  22:44  Zealot x2  
  152  23:24  Tempest x2  
  156  23:27  Immortal x2  
  156  23:29  Zealot x3  
  156  23:30  Zealot x6  
  156  23:31  Zealot x2  
  152  24:19  Assimilator  
  152  24:21  Nexus  
  152  24:25  Zealot x2  
  152  24:26  Zealot x6  
  152  24:27  Zealot  
  170  24:47  Nexus  
  143  25:04  Zealot x5  
  143  25:05  Zealot x3  
  143  25:06  Zealot  
Tags
 
Add a new tag
Caveats
  • Supply blocks, unpowered buildings, or Contaminate may cause inaccurate times.
  • Supply counts are checked every 10 seconds.